 Dungeon Sprint DCSS version 0.30.0-29-ga12c61a403 (webtiles) character file.

Game seed: 8680944097658716200

11841 Revguard the Grappler (level 11, -24/120 HPs)
             Began as a Troll Monk on June 7, 2023.
             Was a High Priest of Jiyva.
             Annihilated by a vampire knight
             ... wielding a +0 great mace
              (29 damage)
             ... in the Dungeon (Sprint V: "Ziggurat Sprint").
             The game lasted 00:08:26 (632 turns).

Revguard the Grappler (Troll Monk)                   Turns: 632, Time: 00:08:27

Health: -24/120    AC: 29    Str: 35    XL:     11   Next: 54%
Magic:  10/10      EV: 14    Int:  4    God:    Jiyva [*****.]
Gold:   0          SH:  0    Dex: 14    Spells: 10/10 levels left

rFire   + .          .
                       - Unarmed
rCold   + . .        (no shield)
rNeg    . . .        j - +9 gold dragon scales
rPois   +            (helmet restricted)
rElec   .            (no cloak)
rCorr   +            (gloves unavailable)
SInv    .            (boots unavailable)
Will    .....        (no amulet) Stlth
                     C - +5 ring of evasion
HPRegen 4.24/turn    x - +6 ring of strength
MPRegen 0.57/turn

%: no teleportation
@: no status effects
A: large, unfitting armour, claws 3, regeneration 3, shaggy fur 1, tough skin 1,
strong 2
a: Renounce Religion, Oozemancy, Slimify


You were in the Dungeon.
You worshipped Jiyva.
Jiyva was extremely pleased with you.
You visited 1 branch

Inventory:

Armour
 a - a +0 robe
 j - +9 gold dragon scales (worn)
Jewellery
 s - a ring of flight
 t - a +6 ring of dexterity
 u - a +6 ring of dexterity
 v - a +6 ring of intelligence
 w - a +6 ring of intelligence
 x - a +6 ring of strength (right claw)
 y - a +6 ring of strength
 B - a ring of willpower
 C - a +5 ring of evasion (left claw)
 I - a +6 ring of strength
 J - a +4 ring of protection
Wands
 z - a wand of light (7)
 A - a wand of mindburst (7)
 D - a wand of digging (6)
 E - a wand of flame (8)
 F - a wand of polymorph (10)
 H - a wand of paralysis (5)
 K - a wand of roots (2)
Scrolls
 i - 4 scrolls of blinking
 m - 4 scrolls of brand weapon
 o - 4 scrolls of amnesia
 p - 7 scrolls of fog
 q - 5 scrolls of identify
 r - a scroll of fear
Potions
 b - a potion of ambrosia
 c - 2 potions of brilliance
 d - 10 potions of curing
 e - 6 potions of heal wounds
 f - 6 potions of haste
 g - 7 potions of magic
 h - 3 potions of berserk rage
 k - a potion of invisibility
 l - 4 potions of resistance
 n - 6 potions of might


   Skills:
 + Level 11.3 Fighting
 + Level 11.0 Armour
 + Level 11.3 Dodging
 + Level 13.3 Unarmed Combat
 + Level 10.1 Evocations


You had 10 spell levels left.
You didn't know any spells.
Your spell library contained the following spells:

 Spells                   Type           Power      Damage    Failure   Level
 Beastly Appendage        Tmut           0%         N/A       100%        1
 Magic Dart               Conj           0%         1d3       100%        1
 Summon Small Mammal      Summ           0%         N/A       100%        1
 Call Imp                 Summ           0%         N/A       100%        2
 Wereblood                Tmut           0%         N/A       100%        2
 Gell's Gravitas          Tloc           0%         N/A       100%        3
 Mephitic Cloud           Conj/Pois/Air  0%         N/A       100%        3
 Spider Form              Tmut/Pois      0%         N/A       100%        3
 Summon Guardian Golem    Hex/Summ       0%         N/A       100%        3
 Vhi's Electric Charge    Tloc/Air       0%         N/A       100%        3
 Manifold Assault         Tloc           0%         N/A       100%        4
 Olgreb's Toxic Radiance  Pois           0%         N/A       100%        4
 Petrify                  Tmut/Erth      0%         N/A       100%        4
 Alistair's Intoxication  Tmut/Pois      0%         N/A       100%        5
 Arcjolt                  Conj/Air       0%         1d10      100%        5
 Irradiate                Conj/Tmut      0%         3d11      100%        5
 Metabolic Englaciation   Hex/Ice        0%         N/A       100%        5
 Plasma Beam              Fire/Air       0%         2x1d11    100%        6
 Statue Form              Tmut/Erth      0%         N/A       100%        6
 Malign Gateway           Summ/Tloc      0%         N/A       100%        7
 Storm Form               Tmut/Air       0%         N/A       100%        7
 Dragon's Call            Summ           0%         N/A       100%        9


Dungeon Overview and Level Annotations

Branches:
Dungeon (1/1)

Altars:
Ashenzari
Cheibriados
Dithmenos
Elyvilon
Fedhas
Gozag
Hepliaklqana
Kikubaaqudgha
Makhleb
Nemelex Xobeh
Okawaru
Qazlal
Ru
Sif Muna
Trog
Uskayaw
Vehumet
Wu Jian
Xom
Yredelemnul
Zin
The Shining One
Jiyva
Lugonu

Annotations:
D 1 transporter


Innate Abilities, Weirdness & Mutations

You are too large for most types of armour.
You have claws for hands.
You regenerate.
You are covered in fur. (AC +1)
You have tough skin. (AC +1)
Your muscles are very strong. (Str +8, Int/Dex -2)


Message History

The adder zombie closely misses you.
You miss something. You claw something. Something barely misses you.
Something bites you but does no damage. The adder zombie misses you.
You claw something!
You hear some strange, mumbled words.
Something tries to affect you, but you resist.
The adder zombie closely misses you.
You barely miss something. Your claw misses something.
Something draws life force from you!!
You closely miss something. Something hits you but does no damage.
Something bites you but does no damage. Something hits you!!
* * * LOW HITPOINT WARNING * * *
Something barely misses you.
You scratch something. Something barely misses you.
Something bites you but does no damage. Something hits you!!
* * * LOW HITPOINT WARNING * * *
Something bites you but does no damage.
You barely miss something. Something hits you.
* * * LOW HITPOINT WARNING * * *
Something bites you but does no damage.
You feel much better. Something hits you but does no damage.
Something bites you but does no damage. Something hits you!!
* * * LOW HITPOINT WARNING * * *
Something barely misses you.
You feel much better. Something draws life force from you!!
* * * LOW HITPOINT WARNING * * *
Something hits you but does no damage. Something barely misses you.
Something hits you but does no damage. Something bites you but does no damage.
Aiming: Bolt of Light
Press: ? - help, Shift-Dir - straight line, f - necrophage
Aim: a necrophage (76% to hit)
The bolt of light hits the necrophage!!
You destroy the necrophage!
Something hits you!
* * * LOW HITPOINT WARNING * * *
Something bites you.
* * * LOW HITPOINT WARNING * * *
Something draws strength from your injuries!
Something hits you!!
You die...

▓..:|.|[).▓....[.=..▓...|)
▓..)/)/=..▓..[.[....▓.....
▓.........▓.........▓.....
▓.........▓.........▓.....
▓.........▓.........▓.....
▓.........▓.........▓.....
▓.......ZZ▓.........▓.▓...
▓.▓.....▓{▓.........▓....©
▓....©.Z{@▓....©....▓▓▓▓▓▓
▓▓▓▓▓▓▓▓▓▓▓▓▓▓▓▓▓▓▓▓▓


You could see an adder zombie, a giant cockroach zombie and a ball python
skeleton.

Vanquished Creatures
  A nargun (D)
  A black draconian (D)
  A yellow draconian (D)
  A skeletal warrior (D)
  A necromancer (D)
  4 draconians (D)
  A cyclops (D)
  A naga mage (D)
  4 toenail golems (D)
  A black mamba (D)
  A hellion (D)
  4 rime drakes (D)
  A tormentor (D)
  6 merfolk (D)
  A wind drake (D)
  A shadow (D)
  A steam dragon (D)
  2 nagas (D)
  An acid dragon (D)
  A hell hound (D)
  2 swamp drakes (D)
  A centaur (D)
  2 necrophages (D)
  4 crimson imps (D)
  An iron imp (D)
  3 orc wizards (D)
  4 shadow imps (D)
  2 ufetubi (D)
  An adder simulacrum (D)
  2 orcs (D)
  A ball python (D)
  A bat zombie (D)
  A ball python simulacrum (D)
  A quokka skeleton (D)
61 creatures vanquished.

Vanquished Creatures (others)
  An iron giant (shapeshifter) (D)
  An acid blob (shapeshifter) (D)
  A sphinx (shapeshifter) (D)
  An azure jelly (D)
  A frost giant (shapeshifter) (D)
  A boulder beetle (shapeshifter) (D)
  A death drake (shapeshifter) (D)
  An orb spider (shapeshifter) (D)
  3 sea snakes (shapeshifter) (D)
  A swamp dragon (shapeshifter) (D)
  A steelbarb worm (shapeshifter) (D)
  A mana viper (shapeshifter) (D)
  A harpy (shapeshifter) (D)
  3 shining eyes (shapeshifter) (D)
  2 manticores (shapeshifter) (D)
  A cyclops (shapeshifter) (D)
  2 moths of wrath (shapeshifter) (D)
  A faun (shapeshifter) (D)
  An elephant (shapeshifter) (D)
  An unseen horror (shapeshifter) (D)
  A tormentor (D)
  A tyrant leech (shapeshifter) (D)
  A meliai (shapeshifter) (D)
  A queen bee (shapeshifter) (D)
  A polar bear (shapeshifter) (D)
  A blink frog (shapeshifter) (D)
  A jumping spider (shapeshifter) (D)
  2 slime creatures (shapeshifter) (D)
  2 hogs (shapeshifter) (D)
  2 redbacks (shapeshifter) (D)
  3 swamp worms (shapeshifter) (D)
  A water moccasin (shapeshifter) (D)
  An ogre (shapeshifter) (D)
  An adder (D)
  An adder simulacrum (D)
  A bat simulacrum (D)
  A giant cockroach simulacrum (D)
48 creatures vanquished.

Grand Total: 109 creatures vanquished

Notes
Turn   | Place    | Note
-------+----------+-------------------------------------------
     0 | D        | Revguard the Troll Monk began the quest for the Orb.
     0 | D        | Reached XP level 1. HP: 22/22 MP: 0/0
    11 | D        | Found a blossoming altar of Fedhas.
    11 | D        | Found the +6 Majin-Bo {spellvamp, MP+6 Int+6}
    11 | D        | Found the +27 heavy crossbow "Sniper" {heavy, Acc+∞ SInv}
    11 | D        | Found the +10 dark maul {heavy}
    11 | D        | Found the +15 Maxwell's patent armour {-Cast -Tele rElec
                  | Will+ rCorr}
    11 | D        | Found the +18 shield of the Gong {Loud rN+ Will+ rCorr
                  | EV-5}
    11 | D        | Found the +16 obsidian axe {drain, demonic, Mesm Drain Fly
                  | SInv}
    11 | D        | Found the +7 great mace "Firestarter" {flame, immolate,
                  | rFlCloud rF++}
    11 | D        | Found the +6 shillelagh "Devastator" {shatter}
    11 | D        | Found the +11 plutonium sword {Contam Stlth-}
    11 | D        | Found the +8 lance "Wyrmbane" {slay drac, rPois rF+ rC+
                  | AC+3}
    11 | D        | Found the +9 sword of Zonguldrok {reap}
    11 | D        | Found the +13 scythe of Curses {drain, curses, Drain}
    11 | D        | Found the +9 sword of Power {lifebolt}
    11 | D        | Found the +7 mace of Variability {chaos, chaos arc}
    11 | D        | Found the +11 Singing Sword {sonic wave}
    11 | D        | Found the +8 storm bow {elec, penet}
    12 | D        | Found a shimmering blue altar of Sif Muna.
    12 | D        | Found a sacrificial altar of Ru.
    12 | D        | Found a bloodstained altar of Trog.
    12 | D        | Found a stormy altar of Qazlal.
    12 | D        | Found an iron altar of Okawaru.
    12 | D        | Found a sparkling altar of Nemelex Xobeh.
    14 | D        | Found a transporter.
    14 | D        | Found an ancient bone altar of Kikubaaqudgha.
    14 | D        | Found a viscous altar of Jiyva.
    14 | D        | Found a corrupted altar of Lugonu.
    14 | D        | Found a hazy altar of Hepliaklqana.
    14 | D        | Found a burning altar of Makhleb.
    14 | D        | Found an opulent altar of Gozag.
    47 | D        | Became a worshipper of Jiyva Jaighapa the Shapeless
    47 | D        | Reached * piety under Jiyva
    47 | D        | Reached ** piety under Jiyva
    48 | D        | Killed a tormentor
    50 | D        | Killed a redback
    51 | D        | Killed a cyclops
    51 | D        | Killed an azure jelly
    52 | D        | Entered arena 2.
    52 | D        | Noticed a hell hound
    52 | D        | Found a transporter.
    60 | D        | Reached skill level 1 in Armour
    60 | D        | Reached skill level 1 in Evocations
    62 | D        | Killed a queen bee
    64 | D        | Killed a hell hound
    65 | D        | Reached skill level 5 in Unarmed Combat
    65 | D        | Reached XP level 2. HP: 12/32 MP: 1/1
    65 | D        | Reached XP level 3. HP: 14/39 MP: 2/2
    65 | D        | Reached XP level 4. HP: 18/48 MP: 3/3
    65 | D        | Killed a shining eye
    65 | D        | Killed a sea snake
    66 | D        | Killed a moth of wrath
    66 | D        | Killed a hog
    68 | D        | Killed a boulder beetle
    70 | D        | Killed a death drake
    71 | D        | Killed a tyrant leech
    72 | D        | Killed a harpy
    74 | D        | Killed an unseen horror
    75 | D        | Killed a shining eye
    75 | D        | Killed a jumping spider
    75 | D        | Killed a slime creature
    75 | D        | Killed a swamp worm
    76 | D        | Killed a sphinx
    76 | D        | Killed a shining eye
    76 | D        | Killed a swamp dragon
    77 | D        | Killed a manticore
    77 | D        | Killed a redback
    78 | D        | Killed a swamp worm
    78 | D        | Killed a slime creature
    78 | D        | Killed an orb spider
    80 | D        | Entered arena 3.
    80 | D        | Killed a manticore
    80 | D        | Killed a hog
    80 | D        | Killed a faun
    80 | D        | Found a transporter.
    81 | D        | Killed an ogre
    82 | D        | Killed a sea snake
    82 | D        | Killed a meliai
    82 | D        | Killed an acid blob
    87 | D        | Entered arena 4.
    87 | D        | Found a transporter.
    88 | D        | Killed a steelbarb worm
    91 | D        | Killed a frost giant
    93 | D        | Killed a blink frog
    94 | D        | Killed a mana viper
    95 | D        | Killed a moth of wrath
    95 | D        | Killed a water moccasin
    96 | D        | Killed a polar bear
    98 | D        | Killed a sea snake
   101 | D        | Reached XP level 5. HP: 52/55 MP: 4/4
   104 | D        | Killed a swamp worm
   107 | D        | Killed an elephant
   109 | D        | Entered arena 5.
   109 | D        | Noticed a toenail golem
   109 | D        | Noticed a toenail golem
   109 | D        | Noticed a toenail golem
   109 | D        | Noticed a toenail golem
   109 | D        | Reached *** piety under Jiyva
   109 | D        | Found a transporter.
   120 | D        | Killed an iron giant
   123 | D        | Killed a toenail golem
   124 | D        | Reached skill level 5 in Armour
   124 | D        | Reached skill level 7 in Unarmed Combat
   124 | D        | Reached XP level 6. HP: 64/67 MP: 5/5
   131 | D        | Killed a toenail golem
   132 | D        | Reached skill level 8 in Unarmed Combat
   132 | D        | Reached skill level 5 in Evocations
   132 | D        | Reached XP level 7. HP: 65/76 MP: 6/6
   138 | D        | Killed a toenail golem
   139 | D        | Reached XP level 8. HP: 75/87 MP: 7/7
   146 | D        | Killed a toenail golem
   147 | D        | Reached skill level 9 in Unarmed Combat
   162 | D        | Entered arena 6.
   162 | D        | Gained mutation: Your muscles are strong. (Str +4, Int/Dex
                  | -1) [Jiyva's grace]
   162 | D        | Gained mutation: Your muscles are very strong. (Str +8,
                  | Int/Dex -2) [Jiyva's grace]
   162 | D        | Gained mutation: You heal very quickly. [Jiyva's grace]
   162 | D        | Gained mutation: You regenerate. [Jiyva's grace]
   162 | D        | Found a transporter.
   202 | D        | Got Yvomp's Catalogue of Accomplices
   207 | D        | Entered arena 7.
   207 | D        | Noticed a draconian
   207 | D        | Noticed a draconian
   207 | D        | Noticed a draconian
   207 | D        | Noticed a yellow draconian
   207 | D        | Noticed a draconian
   207 | D        | Noticed a black draconian
   211 | D        | Reached XP level 9. HP: 71/96 MP: 8/8
   221 | D        | Killed a draconian
   222 | D        | Reached skill level 10 in Unarmed Combat
   225 | D        | Killed a draconian
   235 | D        | Killed a yellow draconian
   236 | D        | Reached XP level 10. HP: 49/107 MP: 9/9
   242 | D        | Killed a black draconian
   243 | D        | Reached skill level 11 in Unarmed Combat
   246 | D        | Killed a draconian
   258 | D        | Killed a draconian
   261 | D        | Found a transporter.
   276 | D        | Entered arena 8.
   276 | D        | Noticed a black mamba
   276 | D        | Noticed a naga mage
   277 | D        | Found a transporter.
   281 | D        | Killed a black mamba
   296 | D        | Killed a naga mage
   298 | D        | Reached skill level 10 in Fighting
   298 | D        | Reached skill level 10 in Dodging
   307 | D        | Entered arena 9.
   307 | D        | Reached **** piety under Jiyva
   311 | D        | Found a transporter.
   339 | D        | Entered arena 10.
   340 | D        | Found a transporter.
   354 | D        | Reached skill level 12 in Unarmed Combat
   365 | D        | Reached XP level 11. HP: 119/119 MP: 10/10
   368 | D        | Reached skill level 10 in Armour
   379 | D        | Entered arena 11.
   380 | D        | Found a transporter.
   431 | D        | Got Alistair's Encyclopedia of the Bane and the Xenotype
   433 | D        | Got the Atlas of Elsewhere and the Stinger
   550 | D        | Entered arena 12.
   550 | D        | Noticed a nargun
   550 | D        | Reached ***** piety under Jiyva
   560 | D        | Killed a nargun
   565 | D        | Reached skill level 13 in Unarmed Combat
   565 | D        | Found a transporter.
   599 | D        | Entered arena 13.
   599 | D        | Noticed a vampire knight
   599 | D        | Noticed a skeletal warrior
   600 | D        | Noticed a necromancer
   602 | D        | Found a transporter.
   610 | D        | Killed a skeletal warrior
   611 | D        | Reached skill level 10 in Evocations
   620 | D        | Killed a necromancer
   632 | D        | HP: 5/120 [something (6)]
   632 | D        | Annihilated by a vampire knight

Illustrated notes

Levels and vault maps discovered:
D:        sprint_v [room_start, room_1, room_2, room_3, room_4, room_5, room_6,
          room_7, room_8, room_9, room_10, room_11, room_12, room_13, room_14,
          room_15, room_16, room_17, room_18, room_19, room_20, room_21,
          room_22, room_23, room_24, room_25, room_26, room_27]

Skill      XL: |  1  2  3  4  5  6  7  8  9 10 11 |
---------------+----------------------------------+-----
Armour         | 3 5 6 7 8 9 11 | 11.0
Evocations     | 2 3 4 5 6 7 9 10 | 10.1
Fighting       | 4 6 7 8 9 10 11 | 11.3
Dodging        | 4 6 7 8 9 10 11 | 11.3
Unarmed Combat | 5 7 8 9 10 12 13 | 13.3

Action                     |  1- 3 |  4- 6 |  7- 9 | 10-12 || total
---------------------------+-------+-------+-------+-------++-------
  Melee: Unarmed           |     9 |    31 |    57 |   139 ||   236
         Punch             |       |     2 |     4 |    12 ||    18
  Evoke: Wand              |     2 |       |     3 |     3 ||     8
    Use: Potion            |       |       |     1 |     5 ||     6
         Scroll            |       |       |       |     5 ||     5
   Stab: Invisible         |       |       |     2 |     1 ||     3
         Confused          |       |       |       |     4 ||     4
 Armour: Gold dragon scale |    11 |    39 |    39 |   125 ||   214
  Dodge: Dodged            |     1 |     6 |    18 |   135 ||   160
